| TOP OF THE 1ST |
|
Columbia Fireflies batting - Pitching for Tulsa Drillers : RHP Bill Tulk
|
|
Pitching: RHP Bill Tulk
|
|
|
Batting: SHB Detlef Oursler
|
0-0: Called Strike 0-1: SINGLE (Flyball, 78S, EV 83.8 MPH)
|
|
Batting: LHB Dan Bremseth
|
0-0: Ball 1-0: Called Strike 1-1: Ball 2-1: Foul Ball, location: 2F 2-2: Ball 3-2: Fly out, F9 (Line Drive, 89M, EV 105.0 MPH)
|
|
Batting: LHB Bayesa Mundhir
|
0-0: Called Strike 0-1: Foul Ball, location: 2F 0-2: Ball 1-2: Ball 2-2: Ball 3-2: Grounds into double play, 4-6-3 (Groundball, 4, EV 81.9 MPH)
|
| Top of the 1st over - 0 runs, 1 hit, 0 errors, 0 left on base; Columbia 0 - Tulsa 0 |
| BOTTOM OF THE 1ST |
|
Tulsa Drillers batting - Pitching for Columbia Fireflies : RHP Ryan Stegall
|
|
Pitching: RHP Ryan Stegall
|
|
|
Batting: LHB Cory Bowler
|
0-0: Foul Ball, location: 2F 0-1: Ball 1-1: Foul Ball, location: 2F 1-2: Ball 2-2: Ball 3-2: Foul Ball, location: 2F 3-2: Fly out, F7 (Flyball, 7LS, EV 80.6 MPH)
|
|
Batting: LHB Bobby Gonzalez
|
0-0: Swinging Strike 0-1: Ball 1-1: Swinging Strike 1-2: Ball 2-2: Ball 3-2: Base on Balls
|
|
Batting: RHB Justin Curran
|
0-0: Called Strike 0-1: Ball 1-1: Ball 2-1: Swinging Strike 2-2: Foul Ball, location: 2F 2-2: Ball 3-2: Fielders Choice at 2nd, 4-6 (Groundball, 4, EV 93.8 MPH)
|
|
Batting: LHB Nate Kee
|
0-0: SINGLE (Groundball, 6MD, EV 100.6 MPH) Justin Curran to second
|
|
Batting: RHB Jonathan Sotelo
|
0-0: Called Strike 0-1: Called Strike 0-2: Ball 1-2: Ball 2-2: DOUBLE (Groundball, 5L, EV 108.1 MPH) Justin Curran scores Nate Kee to third Runner from 3rd tries for Home, SAFE, no throw by LF
|
|
Batting: LHB Umar Matoub
|
0-0: Ball 1-0: Swinging Strike 1-1: Ball 2-1: Ball 3-1: Base on Balls
|
|
Pitching: RHP Richard Pye
|
|
|
Batting: RHB Jerry Blas
|
0-0: Ball 1-0: Foul Ball, location: 2F 1-1: Ball 2-1: Ball 3-1: SINGLE (Groundball, 56D, EV 100.0 MPH) Jonathan Sotelo to third Umar Matoub to second Runner from 3rd tries for Home, SAFE, throw by LF to home
|
|
Batting: LHB Randy Boone
|
0-0: Ball 1-0: Ground out U3 (Groundball, 3, EV 82.5 MPH)
|
| Bottom of the 1st over - 3 runs, 3 hits, 0 errors, 2 left on base; Columbia 0 - Tulsa 3 |
| TOP OF THE 2ND |
|
Columbia Fireflies batting - Pitching for Tulsa Drillers : RHP Bill Tulk
|
|
Batting: RHB Nate Henderson
|
0-0: Called Strike 0-1: Fly out, F9 (Flyball, 8RM, EV 91.9 MPH)
|
|
Batting: SHB Jason Evans
|
0-0: Ground out 4-3 (Groundball, 4S, EV 86.9 MPH)
|
|
Batting: RHB Larry Shoop
|
0-0: Ground out 4-3 (Groundball, 4, EV 90.6 MPH)
|
| Top of the 2nd over - 0 runs, 0 hits, 0 errors, 0 left on base; Columbia 0 - Tulsa 3 |
| BOTTOM OF THE 2ND |
|
Tulsa Drillers batting - Pitching for Columbia Fireflies : RHP Richard Pye
|
|
Batting: LHB Joe Phillips
|
0-0: Swinging Strike 0-1: TRIPLE (Flyball, 89XD, EV 101.2 MPH)
|
|
Batting: LHB Cory Bowler
|
0-0: Called Strike 0-1: Foul Ball, location: 2F 0-2: Foul Ball, location: 2F 0-2: Ground out U3 (Groundball, 3, EV 98.1 MPH)
|
|
Batting: LHB Bobby Gonzalez
|
0-0: Ball 1-0: Ball 2-0: Called Strike 2-1: DOUBLE (Line Drive, 9LD, EV 110.0 MPH) Joe Phillips scores
|
|
Batting: RHB Justin Curran
|
0-0: Called Strike 0-1: Ball 1-1: Ground out 3-1 (Groundball, 34, EV 80.6 MPH) Bobby Gonzalez to third
|
|
Batting: LHB Nate Kee
|
0-0: Called Strike 0-1: Ball 1-1: Ball 2-1: Foul Ball, location: 2F 2-2: Foul Ball, location: 2F 2-2: Ball 3-2: Ground out 4-3 (Groundball, 4D, EV 103.1 MPH)
|
| Bottom of the 2nd over - 1 run, 2 hits, 0 errors, 1 left on base; Columbia 0 - Tulsa 4 |
| TOP OF THE 3RD |
|
Columbia Fireflies batting - Pitching for Tulsa Drillers : RHP Bill Tulk
|
|
Batting: LHB Zane Kelton
|
0-0: Foul Ball, location: 2F 0-1: SINGLE (Line Drive, 4D, EV 95.0 MPH)
|
|
Batting: LHB Jamel Alexander
|
0-0: Ball 1-0: Swinging Strike 1-1: Swinging Strike 1-2: Ball 2-2: Strikes out swinging
|
|
Batting: RHB Gary Hills
|
0-0: Ball 1-0: Ball 2-0: Fielders Choice at 2nd, 4-6 (Groundball, 4, EV 101.2 MPH)
|
|
Batting: SHB Detlef Oursler
|
0-0: Called Strike 0-1: Ball Pickoff Throw by Catcher to First - Error! E2 Gary Hills to second 1-1: Ground out 4-3 (Groundball, 4D, EV 102.5 MPH)
|
| Top of the 3rd over - 0 runs, 1 hit, 1 error, 1 left on base; Columbia 0 - Tulsa 4 |
| BOTTOM OF THE 3RD |
|
Tulsa Drillers batting - Pitching for Columbia Fireflies : RHP Richard Pye
|
|
Batting: RHB Jonathan Sotelo
|
0-0: Ball 1-0: Called Strike 1-1: Called Strike 1-2: Foul Ball, location: 2F 1-2: Strikes out swinging
|
|
Batting: LHB Umar Matoub
|
0-0: Fly out, F7 (Line Drive, 78M, EV 87.5 MPH)
|
|
Batting: RHB Jerry Blas
|
0-0: Ground out 5-3 (Groundball, 56S, EV 67.5 MPH)
|
| Bottom of the 3rd over - 0 runs, 0 hits, 0 errors, 0 left on base; Columbia 0 - Tulsa 4 |
| TOP OF THE 4TH |
|
Columbia Fireflies batting - Pitching for Tulsa Drillers : RHP Bill Tulk
|
|
Batting: LHB Dan Bremseth
|
0-0: Fly out, F7 (Flyball, 7, EV 89.4 MPH)
|
|
Batting: LHB Bayesa Mundhir
|
0-0: Fly out, F2 (Popup, 25F, EV 78.8 MPH)
|
|
Batting: RHB Nate Henderson
|
0-0: Called Strike 0-1: Ball 1-1: Fly out, F9 (Flyball, 9S, EV 89.4 MPH)
|
| Top of the 4th over - 0 runs, 0 hits, 0 errors, 0 left on base; Columbia 0 - Tulsa 4 |
| BOTTOM OF THE 4TH |
|
Tulsa Drillers batting - Pitching for Columbia Fireflies : RHP Richard Pye
|
|
Batting: LHB Randy Boone
|
0-0: Ball 1-0: Foul Ball, location: 2F 1-1: Ball 2-1: Ground out 6-3 (Groundball, 6, EV 82.5 MPH)
|
|
Batting: LHB Joe Phillips
|
0-0: Ball 1-0: Called Strike 1-1: Ball 2-1: Foul Ball, location: 2F 2-2: Ground out 4-3 (Groundball, 4, EV 90.0 MPH)
|
|
Batting: LHB Cory Bowler
|
0-0: Called Strike 0-1: Foul Ball, location: 2F 0-2: Ball 1-2: Fly out, F8 (Flyball, 8LD, EV 104.4 MPH)
|
| Bottom of the 4th over - 0 runs, 0 hits, 0 errors, 0 left on base; Columbia 0 - Tulsa 4 |
| TOP OF THE 5TH |
|
Columbia Fireflies batting - Pitching for Tulsa Drillers : RHP Bill Tulk
|
|
Batting: SHB Jason Evans
|
0-0: Ground out 5-3 (Groundball, 6, EV 88.1 MPH)
|
|
Batting: RHB Larry Shoop
|
0-0: Ball 1-0: Called Strike 1-1: Foul Ball, location: 2F 1-2: Foul Ball, location: 2F 1-2: Strikes out swinging
|
|
Batting: LHB Zane Kelton
|
0-0: Ball 1-0: Ball 2-0: Called Strike 2-1: Foul Ball, location: 2F 2-2: Foul Ball, location: 2F 2-2: Ball 3-2: Strikes out swinging
|
| Top of the 5th over - 0 runs, 0 hits, 0 errors, 0 left on base; Columbia 0 - Tulsa 4 |
| BOTTOM OF THE 5TH |
|
Tulsa Drillers batting - Pitching for Columbia Fireflies : RHP Richard Pye
|
|
Batting: LHB Bobby Gonzalez
|
0-0: Ball 1-0: Foul Ball, location: 2F 1-1: Ball 2-1: Ball 3-1: Base on Balls
|
|
Pitching: RHP David Mejia
|
|
|
Batting: RHB Justin Curran
|
0-0: Ball 1-0: Ball 2-0: Called Strike 2-1: DOUBLE (Flyball, 89XD, EV 106.9 MPH) Bobby Gonzalez to third
|
|
Batting: LHB Nate Kee
|
0-0: Ball 1-0: Ball 2-0: Ball 3-0: Called Strike 3-1: Called Strike 3-2: Base on Balls
|
|
Batting: RHB Jonathan Sotelo
|
0-0: Called Strike 0-1: Ball 1-1: Foul Ball, location: 2F 1-2: Strikes out swinging
|
|
Batting: LHB Umar Matoub
|
0-0: Called Strike 0-1: Ball 1-1: Foul Ball, location: 2F 1-2: Ball 2-2: Strikes out swinging
|
|
Batting: RHB Jerry Blas
|
0-0: Fielders Choice at 2nd, 6-4 (Groundball, 56, EV 78.8 MPH)
|
| Bottom of the 5th over - 0 runs, 1 hit, 0 errors, 3 left on base; Columbia 0 - Tulsa 4 |
| TOP OF THE 6TH |
|
Columbia Fireflies batting - Pitching for Tulsa Drillers : RHP Bill Tulk
|
|
Batting: LHB Jamel Alexander
|
0-0: Called Strike 0-1: Swinging Strike 0-2: Ball 1-2: Strikes out looking
|
|
Batting: RHB Gary Hills
|
0-0: Ball 1-0: Foul Ball, location: 2F 1-1: Foul Ball, location: 2F 1-2: Ball 2-2: Foul Ball, location: 2F 2-2: Ball 3-2: Foul Ball, location: 2F 3-2: Foul Ball, location: 2F 3-2: Base on Balls
|
|
Batting: SHB Detlef Oursler
|
0-0: Foul Ball, location: 2F 0-1: Ball 1-1: Fielders Choice at 2nd, 6-4 (Groundball, 6, EV 88.8 MPH)
|
|
Batting: LHB Dan Bremseth
|
0-0: Ball Detlef Oursler is caught stealing 2nd base 2-6
|
| Top of the 6th over - 0 runs, 0 hits, 0 errors, 0 left on base; Columbia 0 - Tulsa 4 |
| BOTTOM OF THE 6TH |
|
Tulsa Drillers batting - Pitching for Columbia Fireflies : RHP David Mejia
|
|
Batting: LHB Randy Boone
|
0-0: Swinging Strike 0-1: Ground out U3 (Groundball, 34, EV 89.4 MPH)
|
|
Batting: LHB Joe Phillips
|
0-0: Swinging Strike 0-1: Swinging Strike 0-2: Ball 1-2: Strikes out swinging
|
|
Batting: LHB Cory Bowler
|
0-0: Called Strike 0-1: Foul Ball, location: 2F 0-2: Foul Ball, location: 2F 0-2: Ball 1-2: Ball 2-2: Fly out, F8 (Flyball, 8LM, EV 85.6 MPH)
|
| Bottom of the 6th over - 0 runs, 0 hits, 0 errors, 0 left on base; Columbia 0 - Tulsa 4 |
| TOP OF THE 7TH |
|
Columbia Fireflies batting - Pitching for Tulsa Drillers : RHP Bill Tulk
|
|
Batting: LHB Dan Bremseth
|
0-0: Swinging Strike 0-1: Ball 1-1: Called Strike 1-2: Strikes out swinging
|
|
Batting: LHB Bayesa Mundhir
|
0-0: Called Strike 0-1: Ball 1-1: Called Strike 1-2: Ground out 6-3 (Groundball, 6, EV 87.5 MPH)
|
|
Batting: RHB Nate Henderson
|
0-0: Called Strike 0-1: Ball 1-1: Ball 2-1: Foul Ball, location: 2F 2-2: Foul Ball, location: 2F 2-2: Strikes out swinging
|
| Top of the 7th over - 0 runs, 0 hits, 0 errors, 0 left on base; Columbia 0 - Tulsa 4 |
| BOTTOM OF THE 7TH |
|
Tulsa Drillers batting - Pitching for Columbia Fireflies : RHP David Mejia
|
|
Pitching: RHP Geoff McDaniel
|
|
|
Batting: LHB Bobby Gonzalez
|
0-0: Foul Ball, location: 2F 0-1: Foul Ball, location: 2F 0-2: Ball 1-2: Foul Ball, location: 2F 1-2: Ball 2-2: Ball 3-2: Foul Ball, location: 2F 3-2: Fly out, F9 (Line Drive, 9, EV 91.2 MPH)
|
|
Batting: RHB Justin Curran
|
0-0: Swinging Strike 0-1: Foul Ball, location: 2F 0-2: Foul Ball, location: 2F 0-2: Strikes out swinging
|
|
Batting: LHB Nate Kee
|
0-0: Called Strike 0-1: Called Strike 0-2: Ball 1-2: Ground out U3 (Groundball, 3, EV 99.4 MPH)
|
| Bottom of the 7th over - 0 runs, 0 hits, 0 errors, 0 left on base; Columbia 0 - Tulsa 4 |
| TOP OF THE 8TH |
|
Columbia Fireflies batting - Pitching for Tulsa Drillers : RHP Bill Tulk
|
|
Batting: SHB Jason Evans
|
0-0: Ball 1-0: Called Strike 1-1: Ball 2-1: Called Strike 2-2: Fly out, F9 (Line Drive, 9S, EV 87.5 MPH)
|
|
Batting: RHB Larry Shoop
|
0-0: Ball 1-0: Foul Ball, location: 2F 1-1: DOUBLE (Line Drive, 78D, EV 110.6 MPH)
|
|
Batting: LHB Zane Kelton
|
0-0: Ball 1-0: Ground out 4-3 (Groundball, 4, EV 80.6 MPH) Larry Shoop to third
|
|
Batting: LHB Jamel Alexander
|
0-0: Ball 1-0: Ball 2-0: Called Strike 2-1: Ball 3-1: Called Strike 3-2: Base on Balls
|
|
Batting: RHB Gary Hills
|
0-0: Called Strike 0-1: Called Strike 0-2: Strikes out swinging
|
| Top of the 8th over - 0 runs, 1 hit, 0 errors, 2 left on base; Columbia 0 - Tulsa 4 |
| BOTTOM OF THE 8TH |
|
Tulsa Drillers batting - Pitching for Columbia Fireflies : RHP Geoff McDaniel
|
|
Batting: RHB Jonathan Sotelo
|
0-0: Called Strike 0-1: Called Strike 0-2: Foul Ball, location: 2F 0-2: Ball 1-2: DOUBLE (Line Drive, 78XD, EV 103.8 MPH)
|
|
Batting: LHB Umar Matoub
|
0-0: Ball 1-0: Ball 2-0: Ball 3-0: Called Strike 3-1: Called Strike 3-2: Foul Ball, location: 2F 3-2: Fly out, F9 (Flyball, 89M, EV 88.8 MPH)
|
|
Batting: RHB Jerry Blas
|
0-0: Called Strike 0-1: Ball 1-1: Swinging Strike 1-2: Ball 2-2: Ball 3-2: Strikes out looking
|
|
Batting: LHB Randy Boone
|
0-0: Swinging Strike 0-1: Fly out, F1 (Line Drive, P, EV 63.1 MPH)
|
| Bottom of the 8th over - 0 runs, 1 hit, 0 errors, 1 left on base; Columbia 0 - Tulsa 4 |
| TOP OF THE 9TH |
|
Columbia Fireflies batting - Pitching for Tulsa Drillers : RHP Bill Tulk
|
|
Batting: SHB Detlef Oursler
|
0-0: Ball 1-0: Called Strike 1-1: Foul Ball, location: 2F 1-2: Ground out 1-3 (Groundball, 13S, EV 71.2 MPH)
|
|
Batting: LHB Dan Bremseth
|
0-0: Called Strike 0-1: Ground out 6-3 (Groundball, 6, EV 86.9 MPH)
|
|
Batting: LHB Bayesa Mundhir
|
0-0: Called Strike 0-1: Foul Ball, location: 2F 0-2: Ball 1-2: Foul Ball, location: 2F 1-2: Fly out, F8 (Flyball, 8LD, EV 91.9 MPH)
|
| Top of the 9th over - 0 runs, 0 hits, 0 errors, 0 left on base; Columbia 0 - Tulsa 4 |
|